[Event "Slovakian ECo-C Extraliga 2024-25"]
[Site "Slovakia"]
[Date "2025.01.18"]
[Round "3.4"]
[White "Terbe, Julianna"]
[Black "Baidetskyi, Valentin"]
[Result "0-1"]
[Annotator "TA"]
[ECO "A46"]
[WhiteElo "2224"]
[BlackElo "2521"]
[PlyCount "108"]
[EventDate "2024.09.12"]
[EventType "team-tourn"]
[EventCountry "SVK"]
[SourceTitle "playchess.com"]
[Source "ChessBase"]
[SourceQuality "1"]
[TimeControl "5400+30"]

1. d4 Nf6 2. Nf3 e6 3. Bf4 h6 4. c3 c5 5. e3 Nh5 6. Nbd2 $146 {[%emt 0:10:48] A46: 1 d4 Nf6 2 Nf3 e6: Torre, London and Colle Systems.} (6. d5 $14 {feels stronger.}) (6. Bg3 Nxg3 7. hxg3 d5 8. Nbd2 Nd7 9. Bd3 Be7 10. Qe2 O-O 11. O-O c4 12. Bc2 {1-0 Balog,I (2565)-Vitenberg,N (2297) Titled Tuesday intern op1 3rd March blitz 2020 (5)}) 6... Nxf4 $11 7. exf4 cxd4 8. Nxd4 {[%emt 0:00:19] The position is equal.} Nc6 9. Nc4 Qc7 10. g3 d5 11. Ne3 Bc5 12. Nb3 Bxe3 13. fxe3 Qb6 14. Qe2 e5 15. O-O-O Be6 16. fxe5 O-O {[%emt 0:04:45] Black sacrificed a pawn} 17. e4 Rad8 (17... Nxe5 $2 18. exd5 Bg4 19. Qxe5 $18) 18. exd5 Bxd5 19. Bg2 Bxg2 (19... Bxb3 20. axb3 Qxb3 21. Rd6 $14) 20. Qxg2 Nxe5 21. Kb1 Ng4 {[%emt 0:03:33] [#] Threatens to win with ...Ne3.} 22. Rxd8 Rxd8 23. Nd4 Ne5 24. Qe2 Nc6 25. Nf5 Qc5 26. Qg4 {[%emt 0:03:37][%csl Gf5][%cal Rg4g7] [#]} g6 27. Rf1 Kh7 28. Nd4 Qc4 29. Qf4 Nxd4 30. cxd4 {[%emt 0:00:28][%mdl 4096] Endgame KQR-KQR} (30. Rd1 $5) 30... Qd3+ 31. Ka1 Rd7 (31... Rxd4 32. Qxf7+ Kh8 33. Qf8+ Kh7 34. Rf7#) 32. a3 $1 b5 (32... Rxd4 33. Qxf7+ Kh8 34. Qf8+ Kh7 35. Rf7#) 33. Rf2 a5 (33... Qxd4 34. Qxd4 Rxd4 35. Rxf7+ Kh8 36. Rxa7 $18) 34. Rd2 $1 Qc4 35. d5 Qc1+ (35... Qxf4 36. gxf4 Kg7 37. d6 Kf6) 36. Ka2 b4 37. axb4 axb4 38. Kb3 (38. Qxb4 Ra7+ 39. Kb3 Qh1) 38... Ra7 $1 39. Rd4 (39. Kxb4 $2 Rb7+ 40. Ka5 Qc5+ 41. Ka6 Qb6#) 39... Qa1 40. Rxb4 (40. Kc2 $11 {keeps the balance.}) 40... Qd1+ $17 41. Kc3 ({Don't go for} 41. Kc4 $2 Rc7+ 42. Qxc7 Qc2+ 43. Kb5 Qxc7 $19) 41... Qxd5 42. Qd4 Qf3+ 43. Qd3 Qg2 44. Qd4 {[%emt 0:00:00] Prevents Qxh2} Ra8 45. Qf4 Qd5 (45... Qxh2 46. Qxf7+ Kh8 47. Qf6+ (47. Qxg6 Rf8 $16) 47... Kg8 48. Qxg6+ Kh8 49. Qf6+ Kg8 50. Rg4+ Kh7 51. Qg7#) 46. Rd4 Qe6 47. b3 $2 {[%emt 0:00:00] Loses the game.} (47. Kc2 $17) 47... Qe1+ $19 48. Qd2 Qa1+ 49. Qb2 $2 (49. Kd3) 49... Rc8+ 50. Rc4 Qa5+ 51. Kc2 Re8 (51... Qf5+ $142 52. Kc3 Rd8) 52. b4 $2 (52. Kb1) 52... Re2+ {[%emt 0:02:09] Black is clearly winning.} 53. Kd3 Qd5+ (53... Rxb2 54. bxa5 Ra2 55. Rc5 $14) 54. Kxe2 Qg2+ {[%emt 0:00:02] Weighted Error Value: White=0.31/Black=0.09 (flawless)   Loses game:     	White=1     	---        Mistake:       	White=3     	Black=1      Inaccurate:     	White=3     	Black=1      OK:         	White=15    	Black=23     Best:        	White=4     	Black=3      Strong:       	White=2     	Black=1} ({Inferior is} 54... Qxc4+ 55. Kf2 $11) 0-1

[Event "Slovakian ECo-C Extraliga 2024-25"]
[Site "Slovakia"]
[Date "2025.01.18"]
[Round "3.4"]
[White "Durana, Jonas"]
[Black "Roubalik, Jakub"]
[Result "1/2-1/2"]
[Annotator "TA"]
[ECO "C50"]
[WhiteElo "1968"]
[BlackElo "2319"]
[PlyCount "118"]
[EventDate "2024.09.12"]
[EventType "team-tourn"]
[EventCountry "SVK"]
[SourceTitle "playchess.com"]
[Source "ChessBase"]
[SourceQuality "1"]
[TimeControl "5400+30"]

1. e4 e5 2. Nf3 Nc6 3. Bc4 Nf6 4. d3 Bc5 5. Nc3 h6 6. a3 a6 7. Be3 d6 8. Bxc5 dxc5 9. h3 Qd6 10. O-O O-O 11. Qd2 b5 12. Ba2 Be6 13. Bxe6 Qxe6 14. Ne2 Rad8 15. Qc3 c4 16. Rac1 Rd7 17. Ng3 Rfd8 18. Rfd1 Kh7 19. Rd2 Nd4 20. Nxd4 Rxd4 21. Rcd1 c5 22. Nf5 R4d7 23. f3 g6 24. Ne3 cxd3 25. Rxd3 c4 26. Rxd7 Rxd7 27. Rxd7 Nxd7 $11 {[%emt 0:00:02][%mdl 4096] Endgame KQN-KQN} 28. Nd5 Nf6 29. Nxf6+ Qxf6 {[%emt 0:00:01] KQ-KQ} 30. Kf2 Qh4+ 31. Kf1 Qg5 32. Qe1 h5 33. g3 Qd8 34. c3 Qd3+ 35. Qe2 $2 (35. Kg2 $1 $15) 35... Qb1+ $2 (35... Qxe2+ $1 $19 36. Kxe2 h4) 36. Kf2 $2 (36. Kg2 $11) 36... Qc1 $2 (36... Qh1 $19 37. Qf1 Qxf1+ (37... Qh2+ 38. Qg2 $15) 38. Kxf1 h4) 37. g4 $2 (37. h4 $15) 37... h4 $19 38. Kg2 {[%emt 0:00:13] [#]} Kg7 $2 (38... Kh6 $1 $19 {White must now prevent ...Kg5.} 39. Kf2 Kg7) 39. Qf2 $15 Kg8 40. Kh2 Kg7 41. Kg2 $1 Qg5 42. Kh2 Kh7 43. Kh1 $2 (43. Qe1 $15) 43... Kh6 $2 (43... Qc1+ $19 44. Kg2 Kg8) 44. Kg2 a5 45. Qe1 Kg7 46. Kf1 Qd8 47. Kg2 Qg5 48. Kf1 $1 Kf8 49. Kg2 Kg8 50. Kf1 Qd8 51. Kg2 Kg7 52. Qf2 g5 53. Qe2 {[%emt 0:01:51] [#]} Qd6 (53... Qf6 $1 $17) 54. Kf2 $11 Kg6 55. Ke1 Qb6 56. Qf2 (56. Qf1 $11) 56... Qd6 (56... Qxf2+ $1 $15 57. Kxf2 Kf6) 57. Qd2 ({White should play} 57. Qe2 $1 $11) 57... Qb6 ({Black should play} 57... Qxd2+ $1 $15 58. Kxd2 Kf6) 58. Qf2 (58. Kf1 $11) 58... Qxf2+ $1 $15 59. Kxf2 a4 1/2-1/2

[Event "Slovakian ECo-C Extraliga 2024-25"]
[Site "Slovakia"]
[Date "2025.01.18"]
[Round "3.5"]
[White "Raczek, Krzysztof"]
[Black "Borosova, Zuzana"]
[Result "1-0"]
[Annotator "TA"]
[ECO "B90"]
[WhiteElo "2443"]
[BlackElo "2174"]
[PlyCount "91"]
[EventDate "2024.09.12"]
[EventType "team-tourn"]
[EventCountry "SVK"]
[SourceTitle "playchess.com"]
[Source "ChessBase"]
[SourceQuality "1"]
[TimeControl "5400+30"]

1. e4 c5 2. Nf3 d6 3. d4 cxd4 4. Nxd4 Nf6 5. Nc3 a6 6. Be3 e5 7. Nf3 Be7 8. Bc4 O-O 9. O-O Be6 10. Bb3 Bxb3 {[%emt 0:08:09] B90: Sicilian Najdorf: Unusual White 6th moves, 6 Be3 Ng4 and 6 Be3 e5.} 11. axb3 Nbd7 12. Bg5 Rc8 {[%emt 0:03:48] White is slightly better.} 13. Re1 $1 Ne8 14. Bxe7 $146 (14. Be3 Nef6 15. Nd2 h6 16. Nf1 Qc7 17. Ng3 Rfd8 18. Nf5 Bf8 19. Qf3 Qc6 20. Rad1 {1-0 Hracek,Z (2555)-Fellman,M (2107) Olympiad-44 Chennai 2022 (1.3)}) 14... Qxe7 15. Nd2 Nb6 16. Nf1 Qe6 17. Ne3 Nf6 18. Qf3 Rfd8 19. Red1 Rd7 20. Rd2 Rcd8 21. Ra5 g6 22. h4 h5 23. Ncd5 Nbxd5 24. Nxd5 Kg7 25. c4 {[%emt 0:02:21][%csl Od5][%cal Bc2c4,Bc4c5][%mdl 32] Strong Square White (d5) White is more active.} Nxd5 26. Raxd5 Qg4 {[%emt 0:02:40] White stays focused until the end.} ({Black should play} 26... Qf6 $1 $14) 27. Qxg4 $16 hxg4 {[%emt 0:00:02][%mdl 4096] Endgame KRR-KRR} 28. c5 Kf6 (28... Rh8 $16 29. Rxe5 (29. cxd6 Kf6 $14) (29. Rxd6 Rc7 $16) 29... Kf6) 29. Rxd6+ (29. cxd6 Rh8 $11 (29... Ke6 30. Kh2 $11)) 29... Rxd6 30. Rxd6+ ({Resist} 30. cxd6 $6 Ke6 $16) 30... Rxd6 31. cxd6 $18 {[%emt 0:18:31] KP-KP. White is a pawn up.} Ke6 $2 {[%emt 0:00:30] [#]} (31... g3 32. f4 (32. fxg3 Ke6 $18) 32... exf4 33. e5+ Ke6 (33... Kxe5 $2 34. d7 $18)) 32. Kh2 $1 Kxd6 33. Kg3 Kc5 $2 (33... f5 34. exf5 gxf5) 34. Kxg4 Kb4 35. Kf3 {[%emt 0:00:30] and g4 would now be decisive} Kxb3 {[%emt 0:00:30] [#]} 36. g4 $1 {[%emt 0:00:30] Intending h5 and mate.} Kxb2 37. h5 {[%emt 0:00:30] White mates.} gxh5 38. gxh5 a5 39. h6 a4 40. h7 a3 41. h8=Q (41. h8=R $2 a2 42. Rb8 a1=Q $19 (42... a1=B $2 {perishes.} 43. Rxb7+ Kc2 44. Ke2 $18)) 41... a2 42. Qxe5+ Kb1 43. Qb5+ Kc2 44. Qa4+ Kb2 45. Qb4+ Kc2 46. Qa3 {[%emt 0:00:30] Weighted Error Value: White=0.21 (precise) /Black=0.56  Mistake:       	---       	Black=3      Inaccurate:     	White=1     	Black=2      OK:         	White=5     	Black=6      Best:        	White=2     	Black=1      Strong:       	White=2     	---} 1-0

[Event "Slovakian ECo-C Extraliga 2024-25"]
[Site "Slovakia"]
[Date "2025.01.18"]
[Round "3.5"]
[White "Rigo, Zsolt"]
[Black "Hujbert, Florian"]
[Result "1/2-1/2"]
[Annotator "TA"]
[ECO "B70"]
[WhiteElo "2408"]
[BlackElo "2413"]
[PlyCount "52"]
[EventDate "2024.09.12"]
[EventType "team-tourn"]
[EventCountry "SVK"]
[SourceTitle "playchess.com"]
[Source "ChessBase"]
[SourceQuality "1"]
[TimeControl "5400+30"]

1. e4 c5 2. Nf3 Nc6 3. d4 cxd4 4. Nxd4 Nf6 5. Nc3 g6 6. Be2 Bg7 7. Nb3 O-O 8. O-O d6 9. Bg5 a6 10. Re1 b5 11. Bf1 h6 12. Bh4 {[%emt 0:00:02] B70: Sicilian Dragon: 6 g3 and 6 Be2 (without a later Be3).} Re8 13. a4 b4 14. Nd5 {[%emt 0:00:06] Black has an edge.} Nd7 $146 (14... Nxd5 $142 15. exd5 Na7) (14... g5 15. Bg3 Nxd5 16. exd5 Ne5 17. a5 Ng6 18. Nd4 Qc7 19. Qd2 f5 20. Qd3 Bxd4 21. Qxd4 {1-0 Pastuszko,K (1972)-Duda,A (1830) POL-chT 2nd League 2024 (8.42)}) 15. Rb1 g5 (15... Nb6 $11) 16. Bg3 $14 e6 17. Ne3 Nde5 18. Qh5 Qf6 19. Nd2 Bb7 20. Ndc4 Bf8 21. Rbd1 Red8 22. h4 (22. b3 {simplifies} Nxc4 23. Nxc4 e5 24. Rd2) 22... Kg7 23. Nxe5 dxe5 24. Ng4 {[%emt 0:00:03] White is more active.} Qg6 25. Qxg6+ (25. Bxe5+ $2 {too greedy.} Nxe5 26. Qxg6+ Nxg6 $19) 25... Kxg6 26. Rxd8 (26. Nxe5+ Nxe5 27. Rxd8 (27. Bxe5 Rxd1 28. Rxd1 Bxe4 $11) 27... Rxd8 $11) ({Much weaker is} 26. Bxe5 h5 27. Rxd8 Rxd8 $17) 26... Rxd8 {[%emt 0:00:01] Weighted Error Value: White=0.15 (very precise) /Black=0.14 (very precise)   Mistake:       	---       	Black=2      Inaccurate:     	White=5     	Black=1      OK:         	White=6     	Black=3      Best:        	White=1     	---} 1/2-1/2

[Event "Slovakian ECo-C Extraliga 2024-25"]
[Site "Slovakia"]
[Date "2025.01.18"]
[Round "3.5"]
[White "Motuz, Karol"]
[Black "Striskova, Lucia"]
[Result "1/2-1/2"]
[Annotator "TA"]
[ECO "D37"]
[WhiteElo "2305"]
[BlackElo "2074"]
[PlyCount "64"]
[EventDate "2024.09.12"]
[EventType "team-tourn"]
[EventCountry "SVK"]
[SourceTitle "playchess.com"]
[Source "ChessBase"]
[SourceQuality "1"]
[TimeControl "5400+30"]

1. d4 d5 2. c4 e6 3. Nf3 Nf6 4. Nc3 Be7 5. Bf4 a6 6. c5 {[%emt 0:06:11] D37: Queen's Gambit Declined: 5 Bf4.} b6 7. b4 O-O 8. h3 (8. a3 $11) 8... Nc6 $146 (8... a5 $15 9. a3 Ne4) (8... a5 9. a3 Ne4 10. Nxe4 dxe4 11. Ne5 f6 12. Nc4 axb4 13. cxb6 cxb6 14. e3 b5 {0-1 Campos Gambuti,L (2373)-Alvarez Alonso,A (1986) ESP-ch rapid 2019 (1)}) 9. Rb1 Ne4 10. Qc2 {[%emt 0:01:54] [#]} (10. Qc1 $1 $11) 10... Bf6 $2 (10... e5 $1 $17 {and life is bright. ...Nxc3 is the strong threat.} 11. Nxe4 exf4) 11. e3 ({Better is} 11. cxb6 $16 Nxd4 12. Nxd4) 11... Nxc3 12. Qxc3 {[%emt 0:00:20] A sharp opening} bxc5 13. Qxc5 Bd7 14. a3 Re8 (14... Be7 $14 {deserves consideration.} 15. Qc3 Bd6) 15. Be2 e5 {[%emt 0:02:51] Space Advantage White} 16. dxe5 Nxe5 17. O-O (17. Nxe5 $16 Bxe5 18. Bxe5 (18. Qxd5 $2 Bxf4 19. Bc4 Qe7 $19) 18... Rxe5 19. O-O) 17... c6 (17... Bb5 $11 {remains equal.} 18. Bxb5 Nxf3+ 19. gxf3 axb5) 18. Nd4 Ng6 {[%emt 0:08:39] [#]} 19. Bg3 (19. Nxc6 Bxc6 20. Bg3 Ba4 $19) 19... Bh4 20. Bh2 ({But not} 20. Nxc6 Qg5 $14) 20... Qf6 21. Qd6 Qxd6 22. Bxd6 Bf6 23. Rfd1 Rec8 24. Rdc1 Nf8 25. Rc5 {[%emt 0:09:06] White is much more active.} Bd8 {[%emt 0:04:50] Wards off Ra5} 26. Bxf8 Kxf8 27. Rbc1 {[%emt 0:04:24][%cal Oe2g4] Bg4! would now be deadly.} Bb6 $1 {[%emt 0:00:42] The position is equal.} 28. R5c3 Bxd4 29. exd4 a5 30. b5 cxb5 31. Rxc8+ Rxc8 32. Rxc8+ Bxc8 {[%emt 0:00:07] Weighted Error Value: White=0.29 (precise) /Black=0.31  Mistake:       	White=4     	Black=4      Inaccurate:     	White=4     	Black=1      OK:         	White=6     	Black=8      Best:        	White=1     	Black=1      Strong:       	---       	Black=1} 1/2-1/2

[Event "Slovakian ECo-C Extraliga 2024-25"]
[Site "Slovakia"]
[Date "2025.01.18"]
[Round "3.5"]
[White "Zambor, Norbert"]
[Black "Hrabusa, Matej"]
[Result "0-1"]
[Annotator "TA"]
[ECO "B90"]
[WhiteElo "2243"]
[BlackElo "2356"]
[PlyCount "77"]
[EventDate "2024.09.12"]
[EventType "team-tourn"]
[EventCountry "SVK"]
[SourceTitle "playchess.com"]
[Source "ChessBase"]
[SourceQuality "1"]
[TimeControl "5400+30"]

1. e4 c5 2. Nf3 d6 3. d4 cxd4 4. Nxd4 Nf6 5. Nc3 a6 6. f3 e5 7. Nb3 Be6 8. Be3 Be7 9. Qd2 h5 10. O-O-O Nbd7 11. Kb1 Rc8 12. h3 Qc7 13. Bd3 h4 14. Rhe1 b5 15. a3 Rb8 16. Na2 Nc5 (16... d5 $11 {should be considered.}) 17. Rc1 (17. Nb4 $16) 17... Bd8 ({Black should try} 17... O-O $15) 18. Nxc5 (18. Nb4 $14 Nxd3 19. Qxd3 (19. cxd3 Qb7 $14)) 18... dxc5 $11 19. c4 b4 20. axb4 cxb4 21. Nxb4 Qb7 $1 22. Nd5 Ba5 $1 23. Qc2 Bxe1 24. Rxe1 Nd7 (24... O-O $11 {remains equal.}) 25. c5 $16 {[%emt 0:05:19][%mdl 1024] and c6 should not be overlooked White has strong compensation.} Qc6 26. Rc1 ({White should try} 26. Rd1 $18) 26... Nf6 27. Nb6 a5 28. Qc3 O-O 29. Qxa5 Nd7 (29... Nh5 $16 {keeps fighting.} 30. Qb5 Qxb5 31. Bxb5 Nf4 32. Bxf4 exf4) 30. Bb5 $18 Qc7 31. Qa4 (31. Qa6 $142) 31... Rfd8 $16 32. Nxd7 (32. Qa3 $16) 32... Bxd7 $15 33. c6 Be6 {[%emt 0:00:42] Hoping for ...Ra8.} 34. Bc5 $2 {[%emt 0:03:21][%mdl 8192] [#]} (34. Rc3 $11 {and White stays safe.}) 34... Ra8 $1 $19 35. Qb4 Rdb8 36. Bd6 Rxb5 $1 37. Qxb5 (37. Bxc7 $142 Rxb4 38. Rc5) 37... Qxd6 38. Qb7 Qd3+ 39. Rc2 0-1

[Event "Slovakian ECo-C Extraliga 2024-25"]
[Site "Slovakia"]
[Date "2025.01.18"]
[Round "3.5"]
[White "Skreko, Igor"]
[Black "Hajek, Oskar"]
[Result "1-0"]
[Annotator "TA"]
[ECO "C70"]
[WhiteElo "2242"]
[BlackElo "2247"]
[PlyCount "105"]
[EventDate "2024.09.12"]
[EventType "team-tourn"]
[EventCountry "SVK"]
[SourceTitle "playchess.com"]
[Source "ChessBase"]
[SourceQuality "1"]
[TimeControl "5400+30"]

1. e4 e5 2. Nf3 Nc6 3. Bb5 a6 4. Ba4 f5 5. d3 fxe4 6. dxe4 Nf6 7. O-O d6 8. Re1 Be7 9. c3 O-O 10. Bb3+ Kh8 11. Ng5 Qe8 {[%emt 0:01:26] Dodges Nf7+} 12. Ne6 Bxe6 13. Bxe6 Nd8 14. Bh3 c6 15. g3 Nf7 16. Nd2 d5 17. exd5 cxd5 18. c4 Ng5 19. Bg2 Bc5 $2 (19... Qf7 $1 $11 {and Black is okay.} 20. Kh1 (20. Rxe5 Ng4 $11) 20... Nge4 21. Nxe4 dxe4) 20. Nb3 $18 (20. Bxd5 $2 Nxd5 21. cxd5 Rxf2 $19 (21... Bxf2+ $2 22. Kh1 $19)) (20. cxd5 Nxd5 21. Rf1 (21. Bxd5 Rd8 $17) 21... Rd8 $14) 20... Bxf2+ 21. Kxf2 Ng4+ 22. Kg1 Nf2 23. Qxd5 Nfh3+ 24. Bxh3 (24. Kh1 Rd8 (24... Nf2+ $2 25. Kg1 $18) 25. Bxh3 (25. Qxb7 Nf2+ 26. Kg1 Ngh3+ 27. Bxh3 Nxh3+ 28. Kg2 Rf2+ 29. Kh1 Qh5 $11) 25... Rxd5 26. Bxg5 Rd3) 24... Nxh3+ 25. Kh1 $1 Nf2+ 26. Kg2 Qh5 {[%emt 0:06:36] [#] Hoping for ...Rad8.} 27. Bf4 $1 Qh3+ (27... Ng4 28. h3 (28. Bxe5 $2 Qxh2#) 28... Qg6 29. hxg4 (29. Bxe5 Qc2+ 30. Nd2 Nxe5 $16)) 28. Kxf2 exf4 {[%emt 0:00:13][%cal Be5f4,Bf4g3,Bg3h2][%mdl 32] [#]} 29. Qg2 $1 (29. Qxb7 $2 Qxh2+ 30. Kf3 Qxg3+ (30... fxg3+ $2 31. Ke3 $19) 31. Ke2 Rfe8+ 32. Kd2 Rad8+ $19) 29... fxg3+ 30. Kg1 gxh2+ 31. Kh1 $1 Qh6 $2 (31... Qxg2+ {was worth a try.} 32. Kxg2 Rf4) 32. Re7 (32. Qxh2 Qc6+ 33. Qg2 Qh6+ 34. Qh2 Qc6+ 35. Qg2 Qh6+ 36. Kg1 Rf6 $11) 32... Rad8 33. Rae1 (33. Qxh2 Qc6+ 34. Qg2 Qh6+ (34... Qxc4 35. Qxg7#) 35. Qh2 Qc6+ 36. Qg2 Qh6+ 37. Qh2 $11) (33. Rxb7 Rf4 $18) 33... Qf6 34. Nc5 (34. Qxh2 Rd1 $14) (34. Rxb7 Rde8 35. Rd1 (35. Rxe8 $2 Rxe8 $19) 35... Re3 $18) 34... Rg8 (34... Rd1 $142 35. Rxd1 (35. Rxb7 Rxe1+) (35. Qxb7 Qd4 $17) 35... Qxe7) 35. Nd7 Qh4 36. R7e4 Qh5 37. Ne5 (37. Qxh2 Qxh2+ 38. Kxh2 Rxd7 $15) 37... Rgf8 38. b3 (38. Qxh2 Qxh2+ 39. Kxh2 Kg8 $18) 38... Rd1 39. Ng4 (39. Qxh2 Rf1+ 40. Rxf1 Rxf1+ 41. Kg2 Rf2+ 42. Kxf2 Qxh2+ 43. Ke3 h5 $19 (43... Qxa2 $2 44. b4 $19)) 39... Rfd8 40. Qf3 (40. Qxh2 $2 Rxe1+ 41. Rxe1 Qxg4 $19) 40... Rxe1+ 41. Rxe1 Qa5 (41... Qh4 $142 42. Rf1 Qe7) 42. Rf1 Rg8 (42... h5 $142 43. Nxh2 Qg5 44. Qxb7 Qh4) 43. Qd5 Qxd5+ 44. cxd5 {[%emt 0:00:00][%cal Bc4d5,Bd5d6,Bd6d7][%mdl 4128] Endgame KRN-KR} Rd8 45. Rd1 (45. Ne5 $142 {Intending Nf7+ and mate.} Kg8 46. Rd1 (46. Kxh2 Rxd5 47. Nf3 g5 $16)) 45... Kg8 $2 (45... g5 46. d6 (46. Nxh2 Kg7 $18) 46... Kg7) 46. Ne5 g6 47. d6 Kg7 48. d7 Kf6 49. Nc4 {[%emt 0:00:00][%cal Oc4b6] And now Nb6! would win.} Ke7 {[%emt 0:00:00] [#]} 50. Nb6 $1 ({Less strong is} 50. Kxh2 Rxd7 51. Re1+ Kf6 $16) 50... Rf8 51. Re1+ Kd8 52. Rc1 Ke7 53. Rc8 1-0

[Event "Slovakian ECo-C Extraliga 2024-25"]
[Site "Slovakia"]
[Date "2025.01.18"]
[Round "3.6"]
[White "Toth, Ervin"]
[Black "Pasti, Aron"]
[Result "0-1"]
[Annotator "TA"]
[ECO "D36"]
[WhiteElo "2403"]
[BlackElo "2372"]
[PlyCount "23"]
[EventDate "2024.09.12"]
[EventType "team-tourn"]
[EventCountry "SVK"]
[SourceTitle "playchess.com"]
[Source "ChessBase"]
[SourceQuality "1"]
[TimeControl "5400+30"]

1. d4 Nf6 2. c4 e6 3. Nc3 d5 4. cxd5 exd5 5. Bg5 Be7 6. e3 O-O 7. Bd3 Re8 8. Nf3 Nbd7 9. O-O c6 10. Qc2 g6 {[%emt 0:00:05] D36: Queen's Gambit Declined: Exchange Variation: Main line (5 Bg5 c6 6 Qc2).} 11. h3 Bf8 12. Ne5 $146 {[%emt 0:00:00] Weighted Error Value: White=0.05 (flawless) /Black=0.15 (very precise)   Mistake:       	White=1     	---        Inaccurate:     	---       	Black=1} (12. Rfe1 $14) (12. e4 dxe4 13. Nxe4 Bg7 14. Bc4 Rf8 15. Ne5 h6 16. Nxf7 Rxf7 17. Nd6 Kh7 18. Nxf7 {1-0 Jakobsen,A-Luostarinen,A NOR-chT Finnmark 2010 (5.4)}) 0-1

[Event "Slovakian ECo-C Extraliga 2024-25"]
[Site "Slovakia"]
[Date "2025.01.18"]
[Round "3.6"]
[White "Mikrut, Dariusz"]
[Black "Kantorik, Marian"]
[Result "1/2-1/2"]
[Annotator "TA"]
[ECO "D41"]
[WhiteElo "2308"]
[BlackElo "2171"]
[PlyCount "33"]
[EventDate "2024.09.12"]
[EventType "team-tourn"]
[EventCountry "SVK"]
[SourceTitle "playchess.com"]
[Source "ChessBase"]
[SourceQuality "1"]
[TimeControl "5400+30"]

1. d4 Nf6 2. c4 e6 3. Nc3 d5 4. Nf3 c5 5. cxd5 Nxd5 6. e3 cxd4 7. exd4 Be7 8. Bd3 b6 9. O-O Bb7 10. Bb5+ Bc6 11. Qa4 Bxb5 (11... Qd7 $11 12. Ne5 Nxc3) 12. Qxb5+ $14 Qd7 {[%emt 0:00:05] [#]} 13. Nxd5 $1 exd5 {[%emt 0:02:10] [#]} 14. Qxd7+ ({Better is} 14. a4 $1 $16) 14... Nxd7 $11 15. Re1 f6 16. Bf4 {[%emt 0:05:56] aiming for Bd6.} Kf7 17. Rac1 1/2-1/2

[Event "Slovakian ECo-C Extraliga 2024-25"]
[Site "Slovakia"]
[Date "2025.01.18"]
[Round "3.6"]
[White "Briestensky, Rastislav"]
[Black "Gasa, Andrej"]
[Result "1-0"]
[Annotator "TA"]
[ECO "B52"]
[WhiteElo "2251"]
[BlackElo "2151"]
[PlyCount "101"]
[EventDate "2024.09.12"]
[EventType "team-tourn"]
[EventCountry "SVK"]
[SourceTitle "playchess.com"]
[Source "ChessBase"]
[SourceQuality "1"]
[TimeControl "5400+30"]

1. e4 c5 2. Nf3 d6 3. Bb5+ Bd7 4. Qe2 Bxb5 5. Qd3 {[%emt 0:00:13] [#]} Bc4 $2 6. Qxc4 $11 Qd7 7. Qe2 Nc6 8. c3 e5 9. O-O Be7 10. Rd1 Nf6 11. d4 Qc7 (11... exd4 $1 $11 {remains equal.} 12. cxd4 d5) 12. Bg5 O-O 13. Na3 Rad8 (13... exd4 $14 14. cxd4 cxd4) 14. Rac1 (14. Nb5 $16 Qb8 15. d5) 14... Rfe8 (14... exd4 $14 {might be stronger.} 15. cxd4 d5) 15. d5 $16 Nb8 16. b4 Nbd7 17. Nb5 Qb8 18. a4 Rc8 19. Rb1 h6 20. Bc1 a6 21. Na3 cxb4 22. cxb4 Nb6 23. a5 Na4 {[%emt 0:02:41] ...Nc3 would now be deadly.} 24. Bd2 Nc3 25. Bxc3 Rxc3 26. Nc4 Nd7 27. Ne3 Qc7 28. h4 Rc8 29. g3 Nf6 30. Nd2 g6 31. Kg2 (31. Nec4 $5) 31... Nh5 32. Rh1 Ng7 (32... Nf6 $11) 33. Nd1 (33. Ndc4 $16) 33... Rc2 $14 34. Qd3 h5 35. Re1 f5 36. Re2 fxe4 37. Qxe4 Nf5 38. Ne3 Nxe3+ 39. Qxe3 Kg7 {[%emt 0:00:28] Prevents Qh6+.} 40. Rb3 $36 {[%emt 0:03:00][%mdl 2048] White has some pressure.} Bd8 41. Ne4 Rc4 {[%emt 0:00:13] [#]} (41... Rxe2 $14 42. Qxe2 Qd7) 42. f4 ({White should try} 42. b5 $1 $16 ) 42... Qf7 $2 (42... exf4 $1 $14 43. Qxf4 Be7) 43. fxe5 $18 {[%emt 0:00:00] aiming for Rd3.} (43. Nxd6 Qxd5+ 44. Ne4 Rxe4 45. Qxe4 Qxb3 $17) 43... dxe5 {[%emt 0:00:00] [#]} 44. Rd3 $1 Rc1 (44... Rxb4 45. Nd6 Qd7 46. Nxc8 Qxc8 47. Qxe5+ Bf6 48. Qe6 $18) 45. Rf2 {[%emt 0:00:00][%cal Be2f2,Bf2f7,Bf7g7][%mdl 32] Active counter play!} R1c2 (45... R8c2 $142 46. Rdd2 Rxd2 47. Qxd2 Qc7) 46. Rdd2 Rxd2 47. Qxd2 (47. Rxd2 Rc1 48. Qd3 Qc7 $18) 47... Qd7 48. Nc5 Qg4 49. Ne6+ ({Not} 49. Nxb7 Qe4+ (49... Bxh4 $2 {is the wrong capture.} 50. Qe3 $18) 50. Kh2 Be7 $16) 49... Kh7 50. Rf7+ Kg8 51. Rg7+ 1-0